Description

My build order for 3v3, mix timing attack and economic

Replay - Voracity (8)

Build Order

Get SALT Encoding   

  12  0:02  Drone  
  13  0:12  Overlord  
  13  0:19  Drone  
  14  0:34  Drone x2  
  16  0:48  Hatchery  
  15  0:52  Drone x2  
  17  1:09  Spawning Pool  
  16  1:17  Drone  
  17  1:21  Extractor  
  16  1:26  Drone x3  
  19  1:49  Overlord  
  19  1:58  Queen x2  
  24  2:04  Overlord  
  27  2:27  Roach Warren  
  28  2:54  Overlord x2  
  30  3:25  Roach x6  
  42  3:42  Roach x4  
  60  4:42  Extractor  
  62  4:48  Lair  
  69  5:01  Extractor x2  
  69  5:03  Spore Crawler  
  66  5:10  Spore Crawler  
  44  6:44  Hydralisk Den  
  47  7:23  Hydralisk x7  
  47  7:24  Hatchery  
  47  7:29  Hydralisk x2  
  64  7:39  Hydralisk  
Spawning Tool Build Advisor. Get it on Overwolf

Analysis

My build order for 3v3, mix timing attack and economic

Go to:

Details

  • Created by: ElninoPat
  • Published on: Jan 25, 2025
  • Modified on: Jan 25, 2025
  • Patch: 5.0.11
  • Difficulty: Easy
Show
View Real Time Build Order
Export as new Build Order

Comments (0)

There are no comments. Be the first!

Create an account to comment!